 Seeded DCSS version 0.28.0-62-gf88900778d (webtiles) character file.

Game seed: 13591998346360536447 (custom seed)

148 Psyclone the Conjurer (level 5, -17/30 HPs)
             Began as a Deep Elf Conjurer on Oct 18, 2023.
             Killed from afar by a steam dragon (24 damage)
             ... with a ball of steam
             ... on level 6 of the Dungeon.
             The game lasted 00:02:54 (1254 turns).

Psyclone the Conjurer (Deep Elf Conjurer)           Turns: 1254, Time: 00:02:54

Health: -17/30     AC:  7    Str:  8    XL:     5   Next: 8%
Magic:  1/11       EV: 12    Int: 33    God:
Gold:   3905       SH:  0    Dex: 13    Spells: 7/10 levels left

rFire   x . .      SeeInvis .   b - +0 dagger
rCold   . . .      Faith    .   (no shield)
rNeg    . . .      Spirit   .   a - +0 robe
rPois   +          Reflect  .   (no helmet)
rElec   +          Harm     .   e - +2 cloak of the Hidden Vale {rPois rF- Str+2 Int+8}
rCorr   .          Rampage  .   (no gloves)
Will    .....                   (no boots)
Stlth   ++........              (no amulet)
HPRegen 0.10/turn               (no ring)
MPRegen 0.12/turn               (no ring)

@: no status effects
A: iridescent scales 1, robust 1, electricity resistance, strong 1, evolution 1
a: no special abilities


You were on level 6 of the Dungeon.
You visited 1 branch of the dungeon, and saw 6 of its levels.

You collected 3905 gold pieces.

Inventory:

Hand Weapons
 b - a +0 dagger (weapon)
Armour
 a - a +0 robe (worn)
 e - the +2 cloak of the Hidden Vale (worn) {rPois rF- Str+2 Int+8}
   (You acquired it on level 4 of the Dungeon)

   Str:       It affects your strength (+2).
   Int:       It affects your intelligence (+8).
   rF:        It makes you vulnerable to fire.
   rPois:     It protects you from poison.
Jewellery
 f - an amulet of reflection
Scrolls
 d - 3 scrolls of identify {@r1}
Potions
 c - a potion of ambrosia {unknown}


   Skills:
 - Level 2.4 Dodging
 - Level 2.4 Stealth
 - Level 3.0 Spellcasting
 + Level 7.1 Conjurations


You had 7 spell levels left.
You knew the following spells:

 Your Spells              Type           Power      Damage    Failure   Level
a - Magic Dart            Conj           100%       1d8       1%          1
b - Searing Ray           Conj           100%       2d8       1%          2

Your spell library contained the following spells:

 Spells                   Type           Power      Damage    Failure   Level
 Static Discharge         Conj/Air       28%        N/A       1%          2
 Dazzling Flash           Conj/Hex       56%        N/A       4%          3
 Fulminant Prism          Conj/Hex       14%        3d9       14%         4
 Iskenderun's Mystic Bla  Conj/Tloc      28%        2d7       14%         4
 Sticky Flame             Conj/Fire      28%        2d5       14%         4
 Dispel Undead            Necr           4%         3d7       50%         4


Dungeon Overview and Level Annotations

Branches:
Dungeon (6/15)
 Temple: D:4-7

Altars:
Okawaru
The Shining One

Annotations:
D:5 Menkaure, Sigmund


Innate Abilities, Weirdness & Mutations

You are partially covered in iridescent scales. (AC +2)
You are robust. (+10% HP)
You are resistant to electric shocks. (rElec)
Your muscles are strong. (Str +2)
You have hidden genetic potential.


Message History

You are engulfed in a cloud of scalding steam.
You take 6 damage, and have 17/30 hp.
You now have 6/11 mp.
The searing ray hits the steam dragon.
The steam dragon is heavily wounded.
You are engulfed in a cloud of scalding steam.
You take 3 damage, and have 14/30 hp.
You now have 5/11 mp.
You finish channelling your searing ray.
You are engulfed in a cloud of scalding steam.
The steam dragon closely misses you. The steam dragon claws you.
* * * LOW HITPOINT WARNING * * *
You take 5 damage, and have 9/30 hp.
You now have 4/11 mp.
The steam dragon barely misses you. The steam dragon claws you.
* * * LOW HITPOINT WARNING * * *
You take 1 damage, and have 8/30 hp.
Casting: Searing Ray (safe; 1% risk of failure)
Confirm with . or Enter, or press ? or * to list all spells.
Aiming: Searing Ray (safe; 1% risk of failure)
Press: ? - help, Shift-Dir - straight line, f/p - steam dragon
Aim: a steam dragon (heavily wounded, 83% to hit)
The searing ray hits the steam dragon but does no damage.
The steam dragon is heavily wounded. (Press . to maintain the ray.)
The steam dragon closely misses you. The steam dragon misses you.
You now have 2/11 mp.
The searing ray hits the steam dragon!
The steam dragon is almost dead.
The steam dragon closely misses you.
The steam dragon claws you but does no damage.
You now have 1/11 mp.
The searing ray hits the steam dragon.
The steam dragon is almost dead.
The steam dragon bites you.
* * * LOW HITPOINT WARNING * * *
The steam dragon closely misses you.
You take 1 damage, and have 7/30 hp.
You now have 0/11 mp.
Without enough magic to sustain it, your searing ray dissipates.
The steam dragon breathes steam at you. The ball of steam hits you!!
The steam scalds you terribly!
Ouch! That really hurt!
You die...

## #. #.
##.
#<###..##
#.....D## .
#.@# ..
##.#####..#
##......#
#.....##
#..#...#
#..# ..#
#..# ..#
#..# ..
##.## .


You could see a steam dragon (catching breath).

Vanquished Creatures
  3 bullfrog skeletons
  2 hound skeletons
  A howler monkey skeleton (D:6)
  An ufetubus (D:6)
  A worm (D:2)
  A dart slug (D:4)
  3 endoplasms
  A hobgoblin (D:4)
  3 jackals (D:1)
  A kobold (D:1)
  A quokka (D:5)
  2 ball pythons
  3 rats
23 creatures vanquished.

Notes
Turn   | Place    | Note
-------+----------+-------------------------------------------
     0 | D:1      | Psyclone the Deep Elf Conjurer began the quest for the Orb.
     0 | D:1      | Reached XP level 1. HP: 10/10 MP: 6/6
   178 | D:2      | Reached XP level 2. HP: 15/15 MP: 6/8
   181 | D:2      | Learned a level 2 spell: Searing Ray
   211 | D:2      | Reached skill level 5 in Conjurations
   273 | D:2      | Identified 3 scrolls of acquirement
   286 | D:3      | Found a glowing golden altar of the Shining One.
   337 | D:4      | Acquired the +2 cloak of the Hidden Vale {rPois rF- Str+2
                  | Int+8}
   340 | D:4      | Acquired 1255 gold pieces
   346 | D:4      | Acquired 1352 gold pieces
   357 | D:4      | Acquired 1218 gold pieces
   389 | D:4      | Reached XP level 3. HP: 19/19 MP: 2/9
   420 | D:4      | Gained mutation: You are robust. (+10% HP) [potion of
                  | mutation]
   420 | D:4      | Gained mutation: You have hidden genetic potential. [potion
                  | of mutation]
   420 | D:4      | Gained mutation: Your muscles are strong. (Str +2) [potion
                  | of mutation]
   420 | D:4      | Gained mutation: You are partially covered in iridescent
                  | scales. (AC +2) [potion of mutation]
   426 | D:4      | Reached skill level 6 in Conjurations
   647 | D:5      | Entered Level 5 of the Dungeon
   651 | D:5      | Reached XP level 4. HP: 26/26 MP: 5/10
   660 | D:5      | Gained mutation: You are resistant to electric shocks.
                  | (rElec) [hidden potential]
   768 | D:5      | Noticed Sigmund
   945 | D:5      | Found an iron altar of Okawaru.
   958 | D:5      | Noticed a centaur
   974 | D:5      | Noticed Menkaure
  1005 | D:6      | Reached skill level 7 in Conjurations
  1005 | D:6      | Reached XP level 5. HP: 30/30 MP: 0/11
  1244 | D:6      | Noticed a steam dragon
  1254 | D:6      | Killed from afar by a steam dragon

Illustrated notes

Levels and vault maps discovered:
D:1:      wander_arrival_fairy_ring, layout_basic, chequers_serial_rivers_room_a
D:2:      layout_loops_ring, shapermc_ecumenical_altar_venn, uniq_natasha
D:3:      layout_loops_ring, mainiacjoe_overflow_chevrons,
          gammafunk_ghost_arena, hangedman_glass_teeth
D:4:      layout_basic, nicolae_hepliaklqana_monster_ancestors,
          due_unseen_surprise
D:5:      layout_basic, lemuel_doored_altar, overflow_temple_1_default,
          amethyst_overflow_temple_binary, minmay_manual_mess, uniq_ijyb,
          uniq_edmund, uniq_sigmund, uniq_menkaure
D:6:      layout_layer_cave, minmay_temple_entry_hall

Skill      XL: |  1  2  3  4 |
---------------+-------------+-----
Conjurations   | 5 6 7 |  7.1
Dodging        | |  2.4
Stealth        | |  2.4
Spellcasting   | |  3.0

Action                   |  1- 3 |  4- 6 || total
-------------------------+-------+-------++-------
 Cast: Magic Dart        |    17 |    11 ||    28
       Searing Ray       |     5 |     7 ||    12
  Use: Scroll            |     5 |       ||     5
       Potion            |     1 |       ||     1
Armor: Robe              |     2 |     5 ||     7
Dodge: Dodged            |     3 |     9 ||    12
